 Dungeon Crawl Stone Soup version 0.19.3-1-g3169bf9 (webtiles) character file.

14661 Naow the Destroyer (level 11, -9/54 HPs)
             Began as a Deep Elf Conjurer on Jan 25, 2017.
             Was a Believer of Vehumet.
             Mangled by an ice beast (14 damage)
             ... summoned by Fannar
             ... on level 1 of the Lair of Beasts on Jan 26, 2017.
             The game lasted 00:46:55 (17934 turns).

Naow the Destroyer (Deep Elf Conjurer)             Turns: 17934, Time: 00:46:55

Health: -9/54      AC:  6    Str:  5    XL:     11   Next: 91%
Magic:  0/28       EV: 16    Int: 26    God:    Vehumet [**....]
Gold:   633        SH:  6    Dex: 15    Spells: 8 memorised, 7 levels left

rFire  . . .     SeeInvis +     l - +6 dagger (venom)
rCold  . . .     Gourm    .     a - +0 robe
rNeg   . . .     Faith    .     i - +0 buckler
rPois  .         Spirit   .     (no helmet)
rElec  .         Reflect  .     B - +0 cloak
rCorr  .         Harm     .     j - +0 pair of gloves
MR     +....                    D - +1 pair of boots
Stlth  ++........               N - amulet of regeneration
                                s - +3 ring of evasion
                                w - ring of see invisible

@: no status effects
A: clever 1
a: Renounce Religion


You were on level 1 of the Lair of Beasts.
You worshipped Vehumet.
Vehumet was pleased with you.
You were not hungry.

You visited 3 branches of the dungeon, and saw 13 of its levels.

You collected 633 gold pieces.

Inventory:

Hand Weapons
 l - a +6 dagger of venom (weapon)
Armour
 a - a +0 robe (worn)
 i - a +0 buckler (worn)
 j - a +0 pair of gloves (worn)
 B - a +0 cloak (worn)
 D - a +1 pair of boots (worn)
Jewellery
 s - a +3 ring of evasion (right hand)
 w - a ring of see invisible (left hand)
 H - an uncursed ring of protection from cold
 J - an uncursed ring of fire
 N - an amulet of regeneration (around neck)
Wands
 y - a wand of hasting (2/9)
 C - a wand of lightning (5/15)
 F - a wand of iceblast (8/15)
 K - a wand of iceblast (4/15)
 O - a wand of disintegration (9/24)
 R - a wand of enslavement (19/24)
 T - a wand of iceblast (9/15)
Scrolls
 d - 2 scrolls of identify
 e - 4 scrolls of teleportation
 f - 3 scrolls of immolation
 g - 3 scrolls of blinking
 h - 5 scrolls of remove curse
 m - a scroll of acquirement {unknown}
 n - a scroll of fog
 o - 2 scrolls of fear
 q - 3 scrolls of magic mapping
 P - 3 scrolls of enchant armour
 Q - a scroll of amnesia
Potions
 k - 3 potions of curing
 p - 2 potions of mutation
 r - 4 potions of heal wounds
 u - 2 potions of invisibility
 v - 2 potions of magic
 z - 3 potions of lignification
 A - 2 potions of degeneration
 E - a potion of brilliance {unknown}
 G - a potion of flight {unknown}
 I - a potion of agility {unknown}
 L - a potion of cancellation {unknown}
Books
 b - a book of Conjurations

   Spells                             Type                      Level
   a - Magic Dart                     Conjuration                  1
   b - Searing Ray                    Conjuration                  2
   c - Dazzling Spray                 Conjuration/Hexes            3
   d - Fulminant Prism                Conjuration/Hexes            4
   e - Iskenderun's Mystic Blast      Conjuration                  4
   f - Iskenderun's Battlesphere      Conjuration/Charms           5
 S - a book of Misfortune

   Spells                             Type                      Level
   a - Confusing Touch                Hexes                        1
   b - Confuse                        Hexes                        3
   c - Gell's Gravitas                Hexes/Translocation          3
   d - Petrify                        Transmutation/Earth          4
   e - Metabolic Englaciation         Hexes/Ice                    5
   f - Yara's Violent Unravelling     Hexes/Transmutation          5
Comestibles
 c - 6 bread rations
 t - 7 meat rations
 x - 3 fruits
 M - a slice of pizza
 U - 3 chunks of flesh


   Skills:
 + Level 6.4 Short Blades
 - Level 2.4 Dodging
 - Level 2.4 Stealth
 - Level 6.4 Shields
 + Level 11.3 Spellcasting
 + Level 12.3 Conjurations
 - Level 7.0 Hexes
 - Level 10.7 Charms


You had 7 spell levels left.
You knew the following spells:

 Your Spells              Type           Power        Failure   Level  Hunger
a - Magic Dart            Conj           ####         1%          1    None
b - Searing Ray           Conj           ######       1%          2    None
c - Iskenderun's Battles  Conj/Chrm      ######..     1%          5    ###....
d - Iskenderun's Mystic   Conj           ######..     1%          4    None
e - Fulminant Prism       Conj/Hex       ######....   1%          4    None
f - Confuse               Hex            ######..     1%          3    None
g - Gell's Gravitas       Hex/Tloc       ####......   3%          3    None
h - Conjure Flame         Conj/Fire      #####...     1%          3    None


Dungeon Overview and Level Annotations

Branches:
Dungeon (11/15)            Temple (1/1) D:6            Lair (1/6) D:10
    Orc (0/2) D:10

Altars:
Ashenzari
Cheibriados
Dithmenos
Elyvilon
Gozag
Hepliaklqana
Kikubaaqudgha
Nemelex Xobeh
Okawaru
Qazlal
Ru
Sif Muna
Trog
Uskayaw
Vehumet
Xom
Yredelemnul
Zin
The Shining One

Shops:
D:9 ?[**

Annotations:
Lair:1 Fannar


Innate Abilities, Weirdness & Mutations

Your mind is acute. (Int +2)


Message History

Press: ? - help, Shift-Dir - straight line, f/p - Fannar
Aim: Fannar, wielding a quarterstaff of freezing, wearing a robe of cold resistance and wearing a ring of ice (severely wounded, unusually strong, covered in an icy film)
The searing ray hits Fannar.
Fannar is almost dead. (Press . to maintain the ray.) Fannar gestures wildly while chanting.
The rime drake bites the fungus.
The searing ray hits Fannar.
Fannar is almost dead.
Fannar casts a spell at you. The bolt of cold hits you!
Ouch! That really hurt!
* * * LOW HITPOINT WARNING * * *
The rime drake bites the fungus.
The rime drake bites the fungus.
Fannar gestures wildly while chanting.
The ice beast hits you.
* * * LOW HITPOINT WARNING * * *
The ice beast freezes you!
You die...

... .k. t....#
.... #P+##.....#
....###..#......#
.................
.................
.................
......eY.........
......Y@†........
....Y............
....####........#
... ..#......# .
....#.....#
#..........#
#...#P.....#
....##.....#


You could see Fannar, a rime drake, a crocodile (wandering) and 3 ice beasts.

Vanquished Creatures
  4 hill giants
  An ugly thing (D:9)
  A deep elf mage (D:10)
  A black mamba (Lair:1)
  An elephant (D:10)
  4 centaur skeletons (D:10)
  5 trolls
  Grinder (D:3)
  3 hippogriffs
  2 wraiths
  Sigmund (D:3)
  2 wyverns
  A yak (D:10)
  Grum (D:9)
  2 hungry ghosts
  3 orc warriors (D:9)
  2 black bears
  An ice beast (D:6)
  5 sky beasts
  6 phantoms
  2 necrophages
  3 wolves (D:9)
  2 eyes of draining
  6 ogres
  12 centaurs
  A crocodile (D:10)
  8 bullfrogs
  A big kobold (D:7)
  2 scorpions
  15 killer bees
  A troll zombie (D:10)
  5 wights (D:6)
  6 howler monkeys
  5 crimson imps
  A quasit (D:4)
  5 bullfrog zombies
  A jelly (D:10)
  A gnoll shaman (D:9)
  5 orc priests
  Crazy Yiuf (D:3)
  7 hounds
  12 orc wizards
  2 bullfrog skeletons
  3 iguanas
  A worker ant (D:5)
  5 ogre zombies (D:10)
  2 hound zombies
  2 hound skeletons
  5 worker ant zombies
  13 adders
  13 gnolls
  5 shadow imps
  3 oozes
  An adder zombie (D:8)
  4 worms
  4 dart slugs
  3 leopard geckos
  32 orcs
  15 giant cockroaches
  10 goblins
  9 hobgoblins
  23 jackals
  7 quokkas
  9 bats
  5 frilled lizards
  A giant cockroach zombie (D:6)
  A goblin skeleton (D:6)
  4 goblin zombies
  A hobgoblin skeleton (D:10)
  3 hobgoblin zombies
  8 kobolds
  2 kobold skeletons (D:6)
  2 orc skeletons (D:6)
  15 orc zombies
  A quokka skeleton (D:8)
  13 rats
  A fulminant prism (D:3)
377 creatures vanquished.

Vanquished Creatures (others)
  19 fulminant prisms
19 creatures vanquished.

Grand Total: 396 creatures vanquished

Notes
Turn   | Place    | Note
-------+----------+-------------------------------------------
     0 | D:1      | Naow the Deep Elf Conjurer began the quest for the Orb.
     0 | D:1      | Reached XP level 1. HP: 10/10 MP: 6/6
   239 | D:1      | Reached XP level 2. HP: 13/15 MP: 0/8
   711 | D:1      | Reached skill level 5 in Conjurations
  1021 | D:1      | Reached XP level 3. HP: 19/19 MP: 7/10
  1405 | D:2      | Learned a level 2 spell: Searing Ray
  1473 | D:2      | Found a white marble altar of Elyvilon.
  2077 | D:2      | Reached XP level 4. HP: 24/24 MP: 8/12
  2576 | D:3      | Found a shimmering altar of Xom.
  2855 | D:3      | Noticed Grinder
  2865 | D:3      | Killed Grinder
  2865 | D:3      | Reached skill level 5 in Spellcasting
  2865 | D:3      | Reached skill level 7 in Conjurations
  2865 | D:3      | Reached XP level 5. HP: 14/28 MP: 2/14
  2865 | D:3      | Reached XP level 6. HP: 16/32 MP: 2/16
  3112 | D:3      | Found a hazy altar of Hepliaklqana.
  3262 | D:3      | Noticed Sigmund
  3270 | D:3      | Killed Sigmund
  3339 | D:3      | Learned a level 5 spell: Iskenderun's Battlesphere
  3344 | D:3      | Learned a level 4 spell: Iskenderun's Mystic Blast
  3349 | D:3      | Learned a level 4 spell: Fulminant Prism
  3555 | D:3      | Found a runed door.
  3860 | D:3      | Found a hide-covered altar of Uskayaw.
  3862 | D:3      | Found a deep blue altar of Sif Muna.
  3889 | D:3      | Reached skill level 8 in Conjurations
  3917 | D:3      | Reached XP level 7. HP: 36/36 MP: 16/18
  4264 | D:3      | Noticed Crazy Yiuf
  4268 | D:3      | Killed Crazy Yiuf
  4516 | D:4      | Found a shattered altar of Ashenzari.
  4634 | D:4      | Reached skill level 1 in Charms
  4738 | D:4      | Reached skill level 1 in Shields
  5334 | D:4      | Found a shadowy altar of Dithmenos.
  5382 | D:4      | Found a shimmering altar of Xom.
  5731 | D:5      | Entered Level 5 of the Dungeon
  6121 | D:5      | Reached XP level 8. HP: 41/41 MP: 11/19
  6294 | D:5      | Reached skill level 5 in Charms
  6593 | D:5      | Found a sparkling altar of Nemelex Xobeh.
  7304 | D:6      | Found a glowing golden altar of the Shining One.
  7515 | D:6      | Found a staircase to the Ecumenical Temple.
  7948 | D:6      | Reached skill level 5 in Shields
  8160 | D:7      | Reached XP level 9. HP: 45/45 MP: 14/20
  8848 | D:7      | Reached skill level 10 in Charms
  9905 | D:8      | Reached skill level 1 in Hexes
 10567 | D:8      | Reached skill level 1 in Short Blades
 10567 | D:8      | Reached skill level 9 in Conjurations
 10818 | D:8      | Reached XP level 10. HP: 50/50 MP: 17/23
 11028 | D:9      | Found Ecoacvos's Magic Scroll Boutique.
 11060 | D:9      | Found an ancient bone altar of Kikubaaqudgha.
 11250 | D:9      | Noticed Grum
 11378 | D:9      | Killed Grum
 11748 | D:9      | Found Nutu's General Store.
 11978 | D:9      | Found Fuop's Assorted Antiques.
 12245 | D:9      | Noticed a green ugly thing
 12254 | D:9      | Killed a green ugly thing
 12254 | D:9      | Reached skill level 10 in Conjurations
 12512 | D:9      | Found Uvaarour's Armour Emporium.
 12775 | D:10     | Entered Level 10 of the Dungeon
 12883 | D:10     | Noticed a hill giant
 12885 | D:10     | Noticed a hill giant
 13201 | D:9      | Killed a hill giant
 13201 | D:9      | Reached skill level 5 in Hexes
 13720 | D:10     | Killed a hill giant
 13844 | D:10     | Reached XP level 11. HP: 54/54 MP: 17/26
 13927 | D:10     | Reached skill level 11 in Conjurations
 14399 | Temple   | Entered the Ecumenical Temple
 14457 | Temple   | Became a worshipper of Vehumet
 14631 | D:10     | Found a staircase to the Lair.
 15136 | D:10     | Noticed a deep elf mage
 15175 | D:10     | Killed a deep elf mage
 15428 | D:10     | Noticed a hill giant
 15434 | D:10     | Killed a hill giant
 15434 | D:10     | Reached skill level 10 in Spellcasting
 15446 | D:10     | Reached skill level 5 in Short Blades
 15625 | D:10     | Reached * piety under Vehumet
 15625 | D:10     | Offered knowledge of Sandblast by Vehumet.
 15807 | D:10     | Found a staircase to the Orcish Mines.
 16139 | D:10     | Offered knowledge of Flame Tongue by Vehumet.
 16222 | D:10     | Reached ** piety under Vehumet
 16680 | D:10     | Reached skill level 12 in Conjurations
 16805 | D:10     | Noticed a hill giant
 16812 | D:10     | Killed a hill giant
 17356 | D:10     | Gained mutation: Your mind is acute. (Int +2) [potion of beneficial mutation]
 17608 | D:11     | Learned a level 3 spell: Confuse
 17625 | D:11     | Learned a level 3 spell: Gell's Gravitas
 17755 | D:11     | Noticed a red ugly thing
 17864 | D:10     | Offered knowledge of Conjure Flame by Vehumet.
 17908 | D:10     | Learned a level 3 spell: Conjure Flame
 17920 | Lair:1   | Entered Level 1 of the Lair of Beasts
 17927 | Lair:1   | Noticed Fannar
 17934 | Lair:1   | Mangled by an ice beast

Skill      XL: |  1  2  3  4  5  6  7  8  9 10 11 |
---------------+----------------------------------+-----
Conjurations   | 5 7 8 9 10 12 | 12.3
Spellcasting   | 4 5 6 7 9 11 | 11.3
Charms         | 4 8 10 | 10.7
Shields        | 2 5 6 |  6.4
Hexes          | 2 5 7 |  7.0
Short Blades   | 1 4 6 |  6.4
Dodging        | |  2.4
Stealth        | |  2.4

Action                   |  1- 3 |  4- 6 |  7- 9 | 10-12 || total
-------------------------+-------+-------+-------+-------++-------
Melee: Dagger            |       |       |    10 |   127 ||   137
 Cast: Magic Dart        |    96 |    68 |   272 |   232 ||   668
       Searing Ray       |       |     5 |    57 |    42 ||   104
       Iskenderun's Myst |       |       |    22 |    90 ||   112
       Fulminant Prism   |       |       |     6 |    15 ||    21
       Iskenderun's Batt |       |       |     1 |     6 ||     7
Evoke: Wand              |       |       |       |     1 ||     1
  Use: Scroll            |       |       |    14 |     9 ||    23
       Potion            |       |       |       |     3 ||     3
  Eat: Chunk             |     3 |     6 |    18 |    23 ||    50
       Bread ration      |       |       |     1 |       ||     1
       Beef jerky        |       |       |     1 |       ||     1
       Pizza             |       |       |       |     1 ||     1
       Fruit             |       |       |       |     1 ||     1
Armor: Robe              |     8 |     1 |    24 |    40 ||    73
Dodge: Dodged            |    34 |     6 |    78 |   139 ||   257
Block: Buckler           |       |       |    35 |    71 ||   106
